 Dungeon Crawl Stone Soup version 0.31-a0-66-ge618eeaa78 (webtiles) character file.

Game seed: 8548540509070213367

113 Newt the Shooter (level 5, 0/35 HPs)
             Began as a Kobold Hunter on May 22, 2023.
             Fell down a flight of stairs (1 damage)
             ... on level 3 of the Dungeon.
             The game lasted 00:02:11 (2411 turns).

Newt the Shooter (Kobold Hunter)                    Turns: 2411, Time: 00:02:12

Health: 0/35       AC:  5    Str:  9    XL:     5   Next: 17%
Magic:  5/5        EV: 12    Int: 10    God:
Gold:   180        SH:  0    Dex: 20    Spells: 4/4 levels left

rFire   . . .        n - +0 sling
rCold   . . .        h - +0 kite shield
rNeg    . . .        c - +0 leather armour
rPois   .            (no helmet)
rElec   .            (no cloak)
rCorr   .            d - +0 pair of gloves
SInv    .            o - +0 pair of boots
Will    .....        (no amulet)
Stlth   ++           (no ring)
HPRegen 0.25/turn    (no ring)
MPRegen 0.09/turn

%: no passive effects
@: confused
A: small, no large weapons, nightstalker 3
a: no special abilities


You were on level 3 of the Dungeon.
You visited 1 branch of the dungeon, and saw 3 of its levels.

You collected 180 gold pieces.

Inventory:

Hand Weapons
 a - a +0 shortbow
 n - a +0 sling (weapon)
Armour
 c - a +0 leather armour (worn)
 d - a +0 pair of gloves (worn)
 h - a +0 kite shield (worn)
 o - a +0 pair of boots (worn)
Scrolls
 b - a scroll of immolation
 g - a scroll of identify
 j - a scroll of brand weapon {unknown}
Potions
 e - a potion of berserk rage {unknown}
 f - a potion of cancellation {unknown}
 k - a potion of attraction
 l - a potion of magic {unknown}
 m - 3 potions of brilliance {unknown}


   Skills:
 - Level 5.0 Fighting
 + Level 5.9 Ranged Weapons
 - Level 2.4 Dodging
 - Level 1.3 Stealth


You had 4 spell levels left.
You didn't know any spells.
Your spell library contained the following spells:

 Spells                   Type           Power      Damage    Failure   Level
 Necrotise                Necr           0%         1d4       98%         1
 Vampiric Draining        Necr           0%         2d6       100%        3
 Agony                    Necr           0%         N/A       100%        5


Dungeon Overview and Level Annotations

Branches:
Dungeon (3/15)

Altars:


Innate Abilities, Weirdness & Mutations

You are small and have problems with some larger weapons.
You are completely attuned to the shadows.


Message History

You block the orc wizard's attack.
You hear some strange, mumbled words.
You are confused.
The orc hits you but does no damage. The orc attacks as you move away!
The orc misses you. The orc attacks as you move away!
The orc closely misses you.
Unknown command.
You bump into the rock wall.
Something hits you but does no damage.
The orc wizard points at you and mumbles some strange words.
The magic dart hits you.
* * * LOW HITPOINT WARNING * * *
The orc unwields a +2 dagger of electrocution.
It stops crackling.
The orc wields a +0 orcbow.
The orc shoots an arrow.
The arrow closely misses you. The orc closely misses you.
You're too confused to move!
The orc closely misses you. Something hits you but does no damage.
The orc wizard hits you but does no damage.
Unknown command.
The orc wizard attacks as you move away!
The orc wizard hits you but does no damage.
The orc hits you with a +0 flail.
* * * LOW HITPOINT WARNING * * *
Unknown command.
The orc wizard attacks as you move away!
The orc wizard hits you but does no damage.
You feel less confused.
Things that are here:
a +0 club; a goblin corpse Unknown command.
The orc shoots an arrow.
There is a stone staircase leading up, spattered with blood here.
Unknown command.
The orc hits you with a +0 flail.
* * * LOW HITPOINT WARNING * * *
You hear some strange, mumbled words.
You are confused.
The orc shoots an arrow.
The arrow closely misses you.
In your confused state, you trip and fall back down the stairs.
You die...

#. #.# #. #.#
#) #.#
###)###.#
........#####
###.#........
o..#.#.o....
.....>#......
......@oo.#..
###.#...# .
.......#
###.....#
......#


You could see an orc wizard and 2 orcs.

Vanquished Creatures
  Jessica (D:2)
  3 gnolls (D:3)
  A worm (D:2)
  2 dart slugs
  An orc (D:3)
  4 ball pythons
  2 bats
  3 endoplasms
  2 giant cockroaches (D:1)
  7 goblins
  5 hobgoblins
  7 kobolds (D:1)
  2 quokkas (D:1)
  7 rats
47 creatures vanquished.

Notes
Turn   | Place    | Note
-------+----------+-------------------------------------------
     0 | D:1      | Newt the Kobold Hunter began the quest for the Orb.
     0 | D:1      | Reached XP level 1. HP: 12/12 MP: 1/1
    45 | D:1      | Reached XP level 2. HP: 18/18 MP: 2/2
   165 | D:1      | Reached XP level 3. HP: 22/23 MP: 3/3
   806 | D:2      | You fall into a shaft and drop 1 floor!
  1637 | D:2      | Reached XP level 4. HP: 21/30 MP: 4/4
  1910 | D:2      | Noticed Jessica
  1913 | D:2      | Killed Jessica
  2059 | D:2      | Reached skill level 5 in Fighting
  2309 | D:3      | Reached XP level 5. HP: 21/35 MP: 5/5
  2410 | D:3      | HP: 1/35 [orc/+0 flail (3)]
  2411 | D:3      | Fell down a flight of stairs

Illustrated notes

Levels and vault maps discovered:
D:1:      nzn_arrival_water_spiral, layout_rooms
D:2:      layout_basic, serial_curves, eino_curves_04, eino_curves_01,
          chequers_serial_rivers_micro_a, uniq_jessica
D:3:      layout_basic, mainiacjoe_overflow_six_doors_small, minmay_pentangle,
          uniq_robin

Skill      XL: |  1  2  3  4 |
---------------+-------------+-----
Fighting       | 3 4 5 |  5.0
Ranged Weapons | |  5.9
Dodging        | |  2.4
Stealth        | |  1.3

Action                     |  1- 3 |  4- 6 || total
---------------------------+-------+-------++-------
  Melee: Sling             |       |     1 ||     1
   Fire: Shortbow          |    75 |       ||    75
         Sling             |    39 |    37 ||    76
    Use: Scroll            |     5 |       ||     5
         Potion            |     1 |     1 ||     2
 Armour: Leather armour    |    13 |    10 ||    23
  Dodge: Dodged            |    35 |    18 ||    53
  Block: Kite shield       |    11 |     9 ||    20

Table legend: (Time is in decaauts)
 A = Elapsed time spent in this place.
 B = Non-inter-level travel time spent in this place.
 C = Inter-level travel time spent in this place.
 D = Time resting spent in this place.
 E = Time spent auto-exploring this place.
 F = Levels seen in this place.
 G = Mean time per level.
                   A        B        C        D        E       F      G
               +--------+--------+--------+--------+--------+-----+--------+
         Total |   2470 |   2411 |     59 |    403 |   1668 |   3 |  823.3 |
       Dungeon |   2470 |   2411 |     59 |    403 |   1668 |   3 |  823.3 |
               +--------+--------+--------+--------+--------+-----+--------+

Top non-repeatable levels by time:
     D:2: 1340 daAuts
     D:1: 650 daAuts
     D:3: 479 daAuts
